 Dungeon Crawl Stone Soup version 0.29-a0-521-g59ce8b2d47 (webtiles) character file.

Game seed: 8257332107234849760

2 CrazyBamboolord the Grave Robber (level 1, 0/13 HPs)
             Began as a Mummy Necromancer on June 1, 2022.
             Slain by a gnoll
             ... wielding a +0 spear
              (5 damage)
             ... on level 1 of the Dungeon.
             The game lasted 00:01:49 (74 turns).

CrazyBamboolord the Grave Robber (Mummy Necromancer)  Turns: 74, Time: 00:01:50

Health: 0/13       AC:  2    Str: 11    XL:     1   Next: 33%
Magic:  0/4        EV: 12    Int: 14    God:
Gold:   0          SH:  0    Dex: 12    Spells: 4/5 levels left

rFire   x . .      SeeInvis .   (no weapon)
rCold   + . .      Faith    .   (no shield)
rNeg    + + +      Spirit   .   a - +0 robe
rPois   ∞          Reflect  .   (no helmet)
rElec   .          Harm     .   (no cloak)
rCorr   .          Rampage  .   (no gloves)
Will    .....                   (no boots)
Stlth   ++........              (no amulet)
HPRegen 0.04/turn               (no ring)
MPRegen 0.09/turn               (no ring)

@: no status effects
A: cold resistance 1, negative energy resistance 3, torment resistance 2, heat
vulnerability 1, no potions
a: no special abilities


You were on level 1 of the Dungeon.
You visited 1 branch of the dungeon, and saw 1 of its levels.

Inventory:

Armour
 a - a +0 robe (worn)


   Skills:
 * Level 1.7 Dodging
 + Level 1.5 Stealth
 * Level 2.6 Spellcasting
 * Level 4.0 Necromancy


You had 4 spell levels left.
You knew the following spells:

 Your Spells              Type           Power      Damage    Failure   Level
a - Necrotize             Necr           52%        1d6       4%          1

Your spell library contained the following spells:

 Spells                   Type           Power      Damage    Failure   Level
 Vampiric Draining        Necr           13%        2d6       12%         3
 Animate Dead             Necr           13%        N/A       38%         4
 Agony                    Necr           13%        N/A       75%         5


Dungeon Overview and Level Annotations

Branches:
Dungeon (1/15)

Altars:


Innate Abilities, Weirdness & Mutations

You are immune to poison.
Your flesh is cold resistant. (rC+)
You are immune to negative energy. (rN+++)
You are immune to unholy pain and torment.
You are vulnerable to heat. (rF-)
You do not drink.


Message History

Press: ? - help, Q - select action Shift-Dir - straight line, f/p - gnoll
Aim: a gnoll, wielding a +0 spear (heavily wounded, chance to affect: 76%)
The giant cockroach writhes in agony.
You kill the giant cockroach!
There is an open door here.
There is a staircase leading out of the dungeon here.
Aiming: Necrotize (safe; 4% risk of failure)
Press: ? - help, Q - select action Shift-Dir - straight line, f - goblin
Aim: a goblin, wielding a +0 club (heavily wounded, chance to affect: 83%)
The goblin writhes in agony.
Unknown command.
You don't have enough magic to cast this spell.
The goblin attacks as you move away! The goblin misses you.
There is a stone staircase leading down here.
The goblin attacks as you move away! The goblin hits you with a +0 club.
There is an open door here.
The goblin attacks as you move away! The goblin hits you but does no damage.
You hit the goblin.
You kill the goblin!
There is an open door here.
You close the door.
There is a staircase leading out of the dungeon here.
There is a stone staircase leading down here.
As you close the door, it creaks loudly!
The gnoll barely misses you.
You close the door.
A gnoll breaks down the door.
It's broken and can't be closed.
You open the door. The gnoll barely misses you.
There is an open door here.
Aiming: Necrotize (safe; 4% risk of failure)
Press: ? - help, Q - select action Shift-Dir - straight line, f - gnoll
Aim: a gnoll, wielding a +0 spear (moderately wounded, chance to affect: 76%)
The gnoll writhes in agony.
Unknown command.
Aiming: Necrotize (safe; 4% risk of failure)
Press: ? - help, Q - select action Shift-Dir - straight line, f/p - gnoll
Aim: a gnoll, wielding a +0 spear (almost dead, chance to affect: 76%)
The gnoll barely resists.
The gnoll hits you from afar with a +0 spear.
You die...

#..........# ###
#.#..........#####....
#.........####.........
#...≈≈≈≈...##...≈≈≈≈..#
#..≈≈≈≈≈≈......≈≈≈≈≈≈.#
#..≈≈≈≈≈≈......≈≈≈≈≈≈.#
#$.≈≈≈≈≈≈......≈≈§≈≈≈.#
#...≈≈≈≈..#'##..≈§§≈..#
#.......@##.###§.§...##
##.......'g><.+§######
##.####)##.###g# ..
#..#+##..# ##....g.##
########


You could see a gnoll.

Vanquished Creatures
  A giant cockroach (D:1)
  A goblin (D:1)
2 creatures vanquished.

Notes
Turn   | Place    | Note
-------+----------+-------------------------------------------
     0 | D:1      | CrazyBamboolord the Mummy Necromancer began the quest for
                  | the Orb.
     0 | D:1      | Reached XP level 1. HP: 13/13 MP: 4/4
    74 | D:1      | Slain by a gnoll

Illustrated notes

Levels and vault maps discovered:
D:1:      dpeg_arrival_pits, layout_basic,
          dreamdust_ecumenical_altar_drowned_temple

Action                   || total
-------------------------++-------
Melee: Unarmed           ||     1
 Cast: Necrotize         ||     9
Armor: Robe              ||     1
Dodge: Dodged            ||    10

Table legend: (Time is in decaauts)
 A = Elapsed time spent in this place.
 B = Non-inter-level travel time spent in this place.
 C = Inter-level travel time spent in this place.
 D = Time resting spent in this place.
 E = Time spent auto-exploring this place.
 F = Levels seen in this place.
 G = Mean time per level.
                   A        B        C        D        E       F      G
               +--------+--------+--------+--------+--------+-----+--------+
         Total |     74 |     74 |      0 |      0 |      3 |   1 |   74.0 |
       Dungeon |     74 |     74 |      0 |      0 |      3 |   1 |   74.0 |
               +--------+--------+--------+--------+--------+-----+--------+

Top non-repeatable levels by time:
     D:1: 74 daAuts
